 Dungeon Crawl Stone Soup version 0.30-a0-718-geaa24f58ff (webtiles) character file.

Game seed: 1422177430890529232

437 kae the Changer (level 6, -5/38 HPs)
             Began as a Demonspawn Transmuter on Jan 24, 2023.
             Was a Follower of Hepliaklqana.
             Slain by Edmund
             ... wielding a +1 flail of holy wrath
              (20 damage)
             ... on level 5 of the Dungeon on Jan 25, 2023.
             The game lasted 00:05:35 (4290 turns).

kae the Changer (Demonspawn Transmuter)             Turns: 4290, Time: 00:05:36

Health: -5/38      AC:  2    Str: 10    XL:     6   Next: 69%
Magic:  6/11       EV: 19    Int: 16    God:    Hepliaklqana [*.....]
Gold:   276        SH:  4    Dex: 19    Spells: 4/12 levels left

rFire   . . .      SeeInvis .      - Unarmed
rCold   . . .      Faith    .    (shield currently unavailable)
rNeg    . . .      Spirit   .    (body armour currently unavailable)
rPois   x          Reflect  .    (helmet currently unavailable)
rElec   .          Harm     .    (cloak currently unavailable)
rCorr   .          Rampage  .    (gloves currently unavailable)
Will    .....                    (boots currently unavailable)
Stlth   ++                       A - amulet of the acrobat
HPRegen 0.26/turn                (no ring)
MPRegen 0.12/turn                (no ring)

@: spider-form (expiring)
A: venomous fangs, reduced essence, tiny, (horns 1), powered by death 1,
condensation shield
a: End Transformation, Renounce Religion, Recall Ancestor, Ancestor Identity


You were on level 5 of the Dungeon.
You worshipped Hepliaklqana.
Hepliaklqana was aware of your devotion.
You were a venomous arachnid creature.
You visited 2 branches of the dungeon, and saw 6 of its levels.

You collected 276 gold pieces.


Innate Abilities, Weirdness & Mutations

You are a venomous arachnid creature.
You have venomous fangs.
You are tiny and dextrous.
Your spellcasting is less reliable in this form.
Your armour is entirely melded.
You are incapable of wielding weapons or throwing items.
Your life essence is reduced to manifest your ancestor. (-10% HP)
((You have a pair of small horns on your head.))
You regenerate a little health from kills.
A meltable shield of frost defends you. (SH +4)


   Skills:
 - Level 1.0 Fighting
 - Level 1.7 Dodging
 + Level 3.9 Unarmed Combat
 + Level 3.5 Spellcasting
 * Level 4.6 Transmutations
 - Level 2.0 Poison Magic


You had 4 spell levels left.
You knew the following spells:

 Your Spells              Type           Power      Damage    Failure   Level
a - Beastly Appendage     Tmut           34%        N/A       10%         1
b - Wereblood             Tmut           17%        N/A       13%         2
c - Spider Form           Tmut/Pois      13%        N/A       32%         3
d - Passwall              Tmut/Erth      8%         N/A       26%         2

Your spell library contained the following spells:

 Spells                   Type           Power      Damage    Failure   Level
 Sandblast                Erth           4%         2d4       38%         1
 Stone Arrow              Conj/Erth      4%         3d7       69%         3
 Ice Form                 Ice/Tmut       10%        N/A       77%         4

Inventory:

Missiles
 e - 55 stones
 h - 4 boomerangs
 k - 10 poisoned darts
Armour
 a - a +0 robe (melded)
Jewellery
 A - an amulet of the acrobat (around neck)
   (You found it on level 1 of the Dungeon)
Scrolls
 c - a scroll of torment {!r}
 q - a scroll of blinking {unknown}
Potions
 b - a potion of lignification {!q}
 d - 2 potions of attraction {!q}
 f - a potion of invisibility {unknown}
 g - a potion of magic
 i - 2 potions of degeneration {!q}
 j - a potion of curing {@q1}
 l - a potion of haste {@q3}
 m - a potion of might
 p - a potion of brilliance
 r - a potion of heal wounds {@q2}
Miscellaneous
 o - a piece from Xom's chessboard (15/15)
   (You found it on level 3 of the Dungeon)

Dungeon Overview and Level Annotations

Branches:
Dungeon (5/15) Zot: 26032  Temple (1/1) D:4 Zot: 5670

Altars:
Ashenzari
Dithmenos
Fedhas
Gozag
Hepliaklqana
Kikubaaqudgha
Makhleb
Nemelex Xobeh
Okawaru
Qazlal
Sif Muna
Trog
Uskayaw
Vehumet
Wu Jian
Xom
Yredelemnul

Shops:
D:3 (

Annotations:
D:5 Edmund

.....#
$.<..#
....# ....#
... . #.#
..#
##.####...#
#<.h.......
#..s@......
#...R......
#..........
##...##....
#..?# ###
.....
.....#
......#


You could see the friendly Waqi the ancestor, Edmund (extremely poisoned, ally
target) and a hound.


Message History

You kill the giant cockroach!
You open the door.
There is an open door here.
r - a fuming orange potion No target in view!
No target in view!
There is an open door here.
Key pressed, stopping explore.
No target in view!
No target in view!
Done exploring.
Done exploring.
Done exploring.
Done exploring.
No target in view!
No target in view!
(D) Dungeon (T) Temple
Where to? (Enter - D:4, ? - help)
You swap places.
There is an open door here.
There is an open door here.
There is a stone staircase leading down here.
You climb downwards.
There is a stone staircase leading up here.
Key pressed, stopping travel.
Okay, then.
Okay, then.
As you read the scroll of identify {@r1}, it crumbles to dust.
r - a potion of heal wounds
As you read the scroll of identify {@r1}, it crumbles to dust.
g - a potion of magic
As you read the scroll labelled JEARPHO ARRIO, it crumbles to dust.
Your body is wracked with pain!
It was a scroll of torment. 😮 HP[-18]
You take 18 damage, and now have 20/38 hp.
MASSIVE DAMAGE!! (PAUSE) Edmund the Younger comes into view.
He is wielding a +1 flail of holy wrath.
Found a stone staircase leading up.
Edmund shouts!
Edmund mutters, "Who needs spells, anyway?" 😕 HP[+12]
You regained 12 hp, and now have 32/38 hp.
Unknown command.
There is a stone staircase leading up here.
Casting: Spider Form (quite dangerous; 14% risk of failure)
Confirm with . or Enter, or press ? or * to list all spells.
The spell is quite dangerous to miscast (14% risk of failure)!
Continue anyway? [Y]es or [N]o only, please.
The spell is quite dangerous to miscast (14% risk of failure)!
Continue anyway?
Okay, then.
Casting: Spider Form (quite dangerous; 14% risk of failure)
Confirm with . or Enter, or press ? or * to list all spells.
The spell is quite dangerous to miscast (14% risk of failure)!
Continue anyway? [Y]es or [N]o only, please.
The spell is quite dangerous to miscast (14% risk of failure)!
Continue anyway?
You miscast Spider Form.
You are very lightly contaminated with residual magic.
Nothing appears to happen. 😕 HP[+1] MP[-3]
You lost 3 mp, and now have 8/11 mp.
Casting: Spider Form (quite dangerous; 14% risk of failure)
Confirm with . or Enter, or press ? or * to list all spells.
The spell is quite dangerous to miscast (14% risk of failure)!
Continue anyway? [Y]es or [N]o only, please.
The spell is quite dangerous to miscast (14% risk of failure)!
Continue anyway?
You turn into a venomous arachnid creature.
Your +0 robe melds into your body. 😕 MP[-3]
You lost 3 mp, and now have 5/11 mp.
Unknown command.
A hound comes into view.
Your transformation is almost over.
Waqi hits Edmund.
The hound moves out of view.
Waqi hits Edmund but does no damage.
Edmund completely misses you.
You barely miss Edmund.
Waqi hits Edmund but does no damage. 😕 HP[+1]
You hit Edmund but do no damage. Edmund barely misses you.
Waqi barely misses Edmund.
Unknown command.
You hit Edmund. Edmund closely misses you.
Waqi closely misses Edmund.
You hit Edmund.
Edmund is poisoned.
Edmund barely misses you. The hound bites you.
Waqi hits Edmund. 😕 HP[-3]
You take 3 damage, and now have 31/38 hp.
You hit Edmund.
Edmund looks as sick as possible!
You block Edmund's attack. The hound bites you.
Waqi hits Edmund but does no damage.
Your magical contamination has completely faded away. 😕 HP[-2] MP[+1]
You take 2 damage, and now have 29/38 hp.
Unknown command.
You hit Edmund but do no damage.
Edmund looks as sick as possible!
The hound closely misses you. Edmund misses you.
The hound completely misses you.
You hit Edmund.
Waqi hits Edmund.
Edmund hits you with a +1 flail of holy wrath!
* * * LOW HITPOINT WARNING * * *
You convulse!!
Ouch! That really hurt!
You die...

Skill      XL: |  1  2  3  4  5 |
---------------+----------------+-----
Transmutations | 2 3 4 |  4.6
Unarmed Combat | 3 |  3.9
Poison Magic   | 1 2 |  2.0
Spellcasting   | 3 |  3.5
Fighting       | |  1.0
Dodging        | |  1.7

Action                     |  1- 3 |  4- 6 || total
---------------------------+-------+-------++-------
  Melee: Unarmed           |    93 |   151 ||   244
         Kick              |    27 |     8 ||    35
         Headbutt          |    12 |    10 ||    22
         Punch             |     2 |     1 ||     3
   Cast: Beastly Appendage |    26 |    12 ||    38
         Wereblood         |     1 |     5 ||     6
         Spider Form       |       |    14 ||    14
    Use: Scroll            |     1 |    11 ||    12
 Armour: Robe              |    12 |     1 ||    13
         Skin              |       |     9 ||     9
  Dodge: Dodged            |    60 |   147 ||   207
  Block: Other             |    12 |    42 ||    54

Levels and vault maps discovered:
D:1:      psy_arrival_radial02, layout_basic
D:2:      layout_loops_ring
D:3:      layout_basic, xom_butterflies, serial_shops, nicolae_square_shop
D:4:      layout_gridville, mainiacjoe_overflow_large_starburst,
          minmay_temple_entry_ruins, minmay_misc_feat_enclosed, uniq_robin
D:5:      layout_gridville, chei_slow_surprise, uniq_ijyb, uniq_edmund
Temple:   nicolae_temple_bog_church

Notes
Turn   | Place    | Note
-------+----------+-------------------------------------------
     0 | D:1      | kae the Demonspawn Transmuter began the quest for the Orb.
     0 | D:1      | Reached XP level 1. HP: 15/15 MP: 3/3
     0 | D:1      | magus.rc [v1.11.3]
   122 | D:1      | Reached skill level 2 in Transmutations
   193 | D:1      | Gained mutation: A meltable shield of frost defends you.
                  | (SH +4) [demonic ancestry]
   193 | D:1      | Reached XP level 2. HP: 21/21 MP: 3/5
   213 | D:1      | Learned a level 2 spell: Wereblood
   278 | D:1      | You pick up a book of Geomancy and begin reading...
   278 | D:1      | You add the spells Sandblast, Passwall and Stone Arrow to
                  | your library.
   725 | D:1      | Reached skill level 3 in Unarmed Combat
   831 | D:1      | Reached XP level 3. HP: 26/26 MP: 4/6
   834 | D:1      | Learned a level 2 spell: Passwall
  1291 | D:2      | Reached skill level 3 in Transmutations
  1322 | D:2      | Mutation became permanent: You have a pair of small horns
                  | on your head. [demonic ancestry]
  1322 | D:2      | Gained mutation: You have a pair of horns on your head.
                  | [demonic ancestry]
  1322 | D:2      | Reached XP level 4. HP: 23/32 MP: 4/7
  1450 | D:2      | Upgraded the game from 0.30-a0-715-gdb4ae3ece1 to
                  | 0.30-a0-718-geaa24f58ff
  1450 | D:2      | magus.rc [v1.11.3]
  1791 | D:3      | Noticed a centaur
  1875 | D:2      | Learned a level 3 spell: Spider Form
  1997 | D:3      | Killed a centaur
  1998 | D:3      | Reached skill level 1 in Poison Magic
  1998 | D:3      | Gained mutation: You regenerate a little health from kills.
                  | [demonic ancestry]
  1998 | D:3      | Reached XP level 5. HP: 24/37 MP: 3/9
  2142 | D:3      | Found Gysowaoh's Antique Weapon Shoppe.
  2567 | D:3      | Reached skill level 3 in Spellcasting
  2722 | D:3      | Found a shimmering altar of Xom.
  2909 | D:4      | Reached skill level 2 in Poison Magic
  2935 | D:4      | HP: 9/37 [orc/+0 war axe (8)]
  2947 | D:4      | HP: 8/37 [something (2)]
  2949 | D:4      | Reached skill level 4 in Transmutations
  2949 | D:4      | Reached XP level 6. HP: 12/43 MP: 5/10
  3080 | D:4      | Found a staircase to the Ecumenical Temple.
  3108 | Temple   | Entered the Ecumenical Temple
  3342 | Temple   | Became a worshipper of Hepliaklqana the Forgotten
  3574 | D:4      | Noticed an ice beast
  3612 | D:4      | Killed an ice beast
  3774 | D:4      | Found a blossoming altar of Fedhas.
  3823 | D:4      | Reached * piety under Hepliaklqana
  3911 | D:4      | Noticed Robin
  3934 | D:4      | Killed Robin
  3989 | D:4      | Found a hide-covered altar of Uskayaw.
  4230 | D:5      | Entered Level 5 of the Dungeon
  4278 | D:5      | Noticed Edmund
  4290 | D:5      | Slain by Edmund

Vanquished Creatures
  An ice beast (D:4)
  A centaur (D:3)
  A hound (D:4)
  2 orc priests
  An orc wizard (D:4)
  2 adders (D:2)
  3 worms
  3 dart slugs
  17 orcs
  3 bats
  10 endoplasms
  3 giant cockroaches
  11 goblins
  9 hobgoblins
  2 jackals (D:2)
  2 quokkas
  3 ball pythons
  3 frilled lizards
  8 kobolds
  7 rats
92 creatures vanquished.

Vanquished Creatures (collateral kills)
  Robin (D:4)
  A goblin (D:4)
2 creatures vanquished.

Grand Total: 94 creatures vanquished

Table legend:
 A = Non-vault XP
 B = Vault XP
 C = Vault XP percentage of total XP
 D = Non-vault monster count
 E = Vault monster count
 F = Vault count percentage of total count
                 A         B        C        D         E       F
            +---------+---------+-------+---------+---------+-------
      Total |     592 |      33 |   5.3 |      83 |      11 |  11.7
            +---------+---------+-------+---------+---------+-------
        D:1 |      43 |       0 |   0.0 |      25 |       0 |   0.0
        D:2 |      78 |       0 |   0.0 |      25 |       0 |   0.0
        D:3 |     184 |       0 |   0.0 |      16 |       0 |   0.0
        D:4 |     284 |      33 |  10.4 |      16 |      11 |  40.7
     Temple |       3 |       0 |   0.0 |       1 |       0 |   0.0
            +---------+---------+-------+---------+---------+-------

Illustrated notes

Table legend:
 A = Kills in this place as a percentage of kills in entire the game.
 B = Kills by you in this place as a percentage of kills by you in the entire game.
 C = Kills by friends in this place as a percentage of kills by friends in the entire game.
 D = Other kills in this place as a percentage of other kills in the entire game.
 E = Experience gained in this place as a percentage of experience gained in the entire game.
 F = Experience gained in this place divided by the number of levels of this place that you have seen.
                   A       B       C       D       E      F
               +-------+-------+-------+-------+-------+----------------------
         Total | 100.0 | 100.0 | 100.0 |   N/A | 100.0 | 104.2
       Dungeon |  98.9 |  98.9 | 100.0 |   N/A |  99.5 | 124.4
        Temple |   1.1 |   1.1 |   0.0 |   N/A |   0.5 |   3.0
               +-------+-------+-------+-------+-------+----------------------

Table legend: (Time is in decaauts)
 A = Elapsed time spent in this place.
 B = Non-inter-level travel time spent in this place.
 C = Inter-level travel time spent in this place.
 D = Time resting spent in this place.
 E = Time spent auto-exploring this place.
 F = Levels seen in this place.
 G = Mean time per level.
                   A        B        C        D        E       F      G
               +--------+--------+--------+--------+--------+-----+--------+
         Total |   4296 |   4220 |     76 |    249 |   3286 |   6 |  716.0 |
       Dungeon |   3967 |   3908 |     59 |    181 |   3067 |   5 |  793.4 |
        Temple |    329 |    313 |     16 |     68 |    219 |   1 |  329.0 |
               +--------+--------+--------+--------+--------+-----+--------+

Top non-repeatable levels by time:
     D:2: 1088 daAuts
     D:4: 1001 daAuts
     D:3: 931 daAuts
     D:1: 885 daAuts
  Temple: 329 daAuts
     D:5: 59 daAuts
